 Seeded DCSS version 0.31.0-32-g396128a36d (webtiles) character file.

Game seed: 4781134657629207314 (custom seed)

3850 CInkIbrahim the Carver (level 9, -20/61 HPs)
             Began as a Demonspawn Gladiator on Mar 22, 2024.
             Was an Elder of Qazlal.
             Demolished by a two-headed ogre
             ... wielding a +0 giant club
              (28 damage)
             ... on level 8 of the Dungeon.
             The game lasted 00:11:22 (5555 turns).

CInkIbrahim the Carver (Demonspawn Gladiator)       Turns: 5555, Time: 00:11:23

Health: -20/61     AC: 14    Str: 14    XL:     9   Next: 98%
Magic:  9/9        EV: 12    Int: 10    God:    Qazlal [****..]
Gold:   259        SH:  9    Dex: 18    Spells: 8/8 levels left

rFire   + . .        a - +11 Singing Sword {sonic wave}
rCold   . . .        (no shield)
rNeg    . . .        k - +0 leather armour
rPois   .            E - +0 hat {SInv}
rElec   .            (no cloak)
rCorr   .            (no gloves)
SInv    +            P - +0 pair of boots
Will    .....        m - amulet of regeneration
Stlth   +            p - +4 ring of protection
HPRegen 1.10/turn    L - ring of protection from fire
MPRegen 0.11/turn

%: repel missiles
@: no status effects
A: icy blue scales 1, icemail 1, condensation shield, demonic touch 2
a: Renounce Religion, Upheaval, Elemental Force


You were on level 8 of the Dungeon.
You worshipped Qazlal.
Qazlal was greatly pleased with you.
You visited 2 branches of the dungeon, and saw 9 of its levels.
You also visited: Sewer.

You collected 441 gold pieces.
You spent 182 gold pieces at shops.

Inventory:

Hand Weapons
 a - the +11 Singing Sword (weapon) {sonic wave}
   (You found it on level 4 of the Dungeon)
 b - the +3 sling of Woe {drain, rC+ Dex+3 SInv}
   (You found it on level 2 of the Dungeon)

   Dex+3:     It affects your dexterity (+3).
   rC+:       It protects you from cold.
   SInv:      It lets you see invisible.
Missiles
 d - 3 throwing nets (quivered)
 e - a javelin
 x - 6 datura-tipped darts
Armour
 c - a +0 helmet
 k - a +0 leather armour (worn)
 z - a +0 kite shield
 E - a +0 hat of see invisible (worn)
 P - a +0 pair of boots (worn)
Jewellery
 m - an amulet of regeneration (around neck)
 n - a ring of wizardry
 p - a +4 ring of protection (left hand)
 F - a ring of wizardry
 L - a ring of protection from fire (right hand)
 O - a +4 ring of protection
 Q - an amulet of magic regeneration
 S - a +6 ring of dexterity
Talismans
 w - a maw talisman
 y - a storm talisman
Wands
 H - a wand of digging (3)
 N - a wand of flame (27)
Scrolls
 f - a scroll of teleportation {unknown}
 g - 4 scrolls of immolation
 h - 2 scrolls of vulnerability {unknown}
 j - 2 scrolls of noise
 r - 2 scrolls of poison
 t - a scroll of silence
 A - a scroll of enchant weapon {unknown}
 G - a scroll of fog
 I - a scroll of fear
 J - a scroll of blinking {unknown}
 K - 2 scrolls of brand weapon {unknown}
 R - a scroll of revelation
Potions
 i - 3 potions of curing
 l - a potion of attraction
 o - 4 potions of might
 q - a potion of enlightenment
 s - 2 potions of invisibility
 u - 2 potions of magic
 v - a potion of lignification
 B - 2 potions of haste {unknown}
 C - 2 potions of heal wounds
 D - 3 potions of brilliance {unknown}


   Skills:
 - Level 2.0 Fighting
 + Level 13.3 Long Blades
 - Level 1.7 Throwing
 - Level 2.6 Dodging


You had 8 spell levels left.
You didn't know any spells.
Your spell library contained the following spells:

 Spells                   Type           Power      Damage    Failure   Level
 Apportation              Tloc           0%         N/A       43%         1
 Jinxbite                 Hex            0%         N/A       58%         2
 Mercury Vapours          Alch/Air       0%         N/A       58%         2
 Fugue of the Fallen      Necr           0%         N/A       82%         3
 Mephitic Cloud           Conj/Alch/Air  0%         N/A       82%         3
 Ozocubu's Armour         Ice            0%         N/A       82%         3
 Ignite Poison            Fire/Alch      0%         N/A       99%         4
 Manifold Assault         Tloc           0%         N/A       99%         4
 Sticky Flame             Fire/Alch      0%         2d4       99%         4
 Alistair's Intoxication  Alch           0%         N/A       100%        5
 Borgnjor's Vile Clutch   Necr/Erth      0%         N/A       100%        5
 Freezing Cloud           Conj/Ice/Air   0%         6-21      100%        5
 Eringya's Noxious Bog    Alch           0%         4d6       100%        6
 Ignition                 Fire           0%         3d3       100%        8


Dungeon Overview and Level Annotations

Branches:
Dungeon (8/15)             Temple (1/1) D:4           Sewer (visited)
   Lair: D:8-11

Altars:
Ashenzari
Dithmenos
Fedhas
Gozag
Hepliaklqana
Kikubaaqudgha
Makhleb
Nemelex Xobeh
Okawaru
Qazlal
Ru
Sif Muna
Uskayaw
Wu Jian
Xom
Yredelemnul

Shops:
D:1 [   D:5 ?   D:8 [


Innate Abilities, Weirdness & Mutations

You are partially covered in icy blue scales. (AC +2)
A meltable icy envelope protects you from harm. (AC +4)
A meltable shield of frost defends you. (SH +4)
Your touch may inflict irresistible damage on your foes.


Message History

You see here a +1 orcbow of draining.
No target in view!
Found an escape hatch in the ceiling.
You hear two shouts!
No target in view!
A two-headed ogre comes into view. It is wielding two +0 giant clubs.
Okay, then.
As you read the scroll of identify, it crumbles to dust.
u - 2 potions of magic A two-headed ogre is nearby!
The two-headed ogre hits you with a +0 giant club!!
The two-headed ogre hits you with a +0 giant club.
You slice the two-headed ogre!!
The two-headed ogre is heavily wounded.
The two-headed ogre closely misses you.
The two-headed ogre hits you but does no damage.
A two-headed ogre is nearby!
You slice the two-headed ogre!!
The two-headed ogre is almost dead.
A two-headed ogre is nearby!
You barely miss the two-headed ogre. Your touch misses the two-headed ogre.
The two-headed ogre is almost dead.
The two-headed ogre hits you with a +0 giant club!
The two-headed ogre hits you with a +0 giant club.
Found a stone staircase leading up.
A two-headed ogre is nearby!
You are too injured to fight recklessly!
A two-headed ogre is nearby!
You are too injured to fight recklessly!
A two-headed ogre is nearby!
You are too injured to fight recklessly!
A two-headed ogre is nearby!
You are too injured to fight recklessly!
The two-headed ogre hits you with a +0 giant club!
* * * LOW HITPOINT WARNING * * *
The two-headed ogre closely misses you.
You completely miss the two-headed ogre.
The two-headed ogre is almost dead.
The two-headed ogre hits you with a +0 giant club!!
You die...

#.......
#......###
#.........
#....... ###..$...
.. #.....○# ....
#...☼○☼##...<
#..O@.....<..
####.§.○.....
#...........
#........... ...
#....####.## ...
#.#..# #.# ..#
#.#..####.###...##
#.#.......).#....#
#.......#........#


You could see a two-headed ogre.

Vanquished Creatures
  Sigmund (D:4)
  5 yaks
  A water moccasin (D:7)
  Duvessa (D:5)
  A black bear (D:6)
  An orc warrior (D:8)
  An ogre (D:5)
  4 phantoms
  3 centaurs
  3 kobold brigands
  A bullfrog (D:4)
  4 scorpions
  5 killer bees (D:7)
  Dowan (D:5)
  4 howler monkeys
  6 hounds
  4 jellies
  2 bombardier beetles (D:5)
  A gnoll bouda (D:7)
  A sleepcap (D:4)
  4 iguanas (D:5)
  7 orc wizards
  5 gnolls (D:7)
  10 adders
  3 river rats (Sewer)
  A shadow imp (D:6)
  An ufetubus (D:5)
  5 dart slugs
  2 ribbon worms (D:5)
  19 orcs
  7 ball pythons
  7 endoplasms
  4 giant cockroaches
  6 goblins
  4 hobgoblins
  9 jackals
  A quokka (D:2)
  10 bats
  7 frilled lizards
  26 kobolds
  21 rats
209 creatures vanquished.

Notes
Turn   | Place    | Note
-------+----------+-------------------------------------------
     0 | D:1      | CInkIbrahim the Demonspawn Gladiator began the quest for
                  | the Orb.
     0 | D:1      | Reached XP level 1. HP: 16/16 MP: 1/1
    67 | D:1      | Found Keesm's Antique Armour Boutique.
    74 | D:1      | Reached skill level 3 in Long Blades
   128 | D:1      | Gained mutation: A meltable shield of frost defends you.
                  | (SH +4) [demonic ancestry]
   128 | D:1      | Reached XP level 2. HP: 19/22 MP: 2/2
   568 | D:2      | Identified the +3 sling of Woe {drain, rC+ Dex+3 SInv}
   604 | D:2      | Reached XP level 3. HP: 27/27 MP: 3/3
   616 | D:2      | You fall into a shaft and drop 1 floor!
   724 | D:2      | Reached skill level 4 in Long Blades
   951 | D:2      | Identified the +0 dagger of Intuition {pain, rElec Int+2}
  1272 | D:3      | Gained mutation: Your touch may inflict minor irresistible
                  | damage on your foes. [demonic ancestry]
  1272 | D:3      | Reached XP level 4. HP: 33/33 MP: 4/4
  1864 | D:3      | Identified the +7 hand axe of the Verdant God {heavy, rF+
                  | Will+ Str+2}
  1962 | D:4      | Found a staircase to the Ecumenical Temple.
  1972 | D:4      | Noticed a scorpion
  1977 | D:4      | Killed a scorpion
  1978 | D:4      | Reached skill level 5 in Long Blades
  1978 | D:4      | Gained mutation: Your touch may inflict irresistible damage
                  | on your foes. [demonic ancestry]
  1978 | D:4      | Reached XP level 5. HP: 38/38 MP: 5/5
  1988 | Temple   | Entered the Ecumenical Temple
  2001 | Temple   | Became a worshipper of Qazlal Stormbringer
  2049 | D:4      | Reached skill level 6 in Long Blades
  2170 | D:4      | Gained mutation: A meltable icy envelope protects you from
                  | harm. (AC +4) [demonic ancestry]
  2170 | D:4      | Reached XP level 6. HP: 44/44 MP: 6/6
  2238 | D:4      | Noticed Sigmund
  2254 | D:4      | Killed Sigmund
  2255 | D:4      | Reached skill level 7 in Long Blades
  2411 | D:4      | Found the +11 Singing Sword {sonic wave}
  2752 | D:5      | Entered Level 5 of the Dungeon
  2762 | D:5      | Reached XP level 7. HP: 50/50 MP: 7/7
  2963 | D:5      | Noticed Duvessa
  2963 | D:5      | Noticed Dowan
  2966 | D:5      | Reached skill level 8 in Long Blades
  2971 | D:5      | Killed Duvessa
  2974 | D:5      | Killed Dowan
  2975 | D:5      | Reached * piety under Qazlal
  3146 | D:5      | Found a glowing drain.
  3156 | Sewer    | Entered a sewer
  3245 | Sewer    | Reached skill level 9 in Long Blades
  3245 | Sewer    | Reached XP level 8. HP: 54/56 MP: 8/8
  3342 | Sewer    | Reached ** piety under Qazlal
  4019 | D:5      | Reached skill level 10 in Long Blades
  4140 | D:5      | Found Captergh's Magic Scroll Shop.
  4143 | D:5      | Bought a scroll of fog for 52 gold pieces
  4143 | D:5      | Bought a scroll of identify for 26 gold pieces
  4143 | D:5      | Bought a scroll of fear for 52 gold pieces
  4143 | D:5      | Bought a scroll of poison for 52 gold pieces
  4181 | D:5      | Reached skill level 11 in Long Blades
  4358 | D:6      | Gained mutation: You are partially covered in icy blue
                  | scales. (AC +2) [demonic ancestry]
  4358 | D:6      | Reached XP level 9. HP: 61/61 MP: 9/9
  4484 | D:6      | Reached *** piety under Qazlal
  4591 | D:6      | Found an opulent altar of Gozag.
  4618 | D:6      | Found an ornate altar of the Wu Jian Council.
  4928 | D:7      | Reached skill level 12 in Long Blades
  5027 | D:7      | Reached skill level 13 in Long Blades
  5490 | D:8      | Found Feri's Antique Armour Boutique.
  5534 | D:8      | Reached **** piety under Qazlal
  5545 | D:8      | Noticed a two-headed ogre
  5555 | D:8      | Demolished by a two-headed ogre

Illustrated notes

Levels and vault maps discovered:
D:1:      minmay_arrival_loop, layout_basic, serial_shops, shop
D:2:      layout_rooms, eino_tiny_chamber, chequers_jeans
D:3:      layout_loops_corners
D:4:      layout_cave_pods, minmay_temple_entry_statues_pillars, uniq_sigmund
D:5:      dreamdust_elfheim, layout_loops_corners, cheibrodos_sewer_entry_bend,
          serial_shops, kennysheep_mini_moat, minmay_joined_circles
D:6:      nicolae_cairo_tiling_large_dashed, layout_rooms,
          mainiacjoe_overflow_swirl, minmay_liquid_box,
          hangedman_decor_opposing, st_stairs_3
D:7:      layout_rooms
D:8:      layout_basic, serial_shops, nicolae_shop_behind_doors,
          nicolae_shop_self_help
Temple:   nicolae_temple_bog_church

Skill      XL: |  1  2  3  4  5  6  7  8  9 |
---------------+----------------------------+-----
Long Blades    | 3 4 5 6 7 9 11 13 | 13.3
Fighting       | |  2.0
Throwing       | |  1.7
Dodging        | |  2.6

Action                     |  1- 3 |  4- 6 |  7- 9 || total
---------------------------+-------+-------+-------++-------
  Melee: Long sword        |    87 |    63 |       ||   150
         Punch             |     1 |     2 |     1 ||     4
         Touch             |       |     8 |    20 ||    28
         Double sword      |       |    13 |   181 ||   194
   Fire: Sling             |    48 |     7 |       ||    55
  Throw: Throwing net      |     1 |       |       ||     1
    Use: Scroll            |     3 |     3 |     6 ||    12
         Potion            |       |     4 |       ||     4
 Armour: Leather armour    |    63 |    35 |    93 ||   191
         Skin              |       |    21 |       ||    21
  Dodge: Dodged            |    82 |    50 |    77 ||   209
  Block: Other             |    16 |    14 |    37 ||    67
